 Dungeon Crawl Stone Soup version 0.14-a0-1192-g192f278 (webtiles) character file.

1389 Jenx the Arsonist (level 8, -1/41 HPs)
             Began as a Deep Elf Fire Elementalist on Dec 1, 2013.
             Killed from afar by Egon's ghost (19 damage)
             ... with a blast of rock fragments
             ... on Level 6 of the Dungeon.
             The game lasted 00:28:48 (5736 turns).

Jenx the Arsonist (Deep Elf Fire Elementalist)      Turns: 5736, Time: 00:28:48

HP  -1/41        AC 13     Str  5      XL: 8   Next: 27%
MP  17/21        EV 13     Int 23      God:
Gold 126         SH  0     Dex 16      Spells:  5 memorised,  1 level left

rFire  . . .     SeeInvis .     b - +1,+2 bow (flame)
rCold  + . .     Clarity  .     f - +2 elf robe {rC+}
rNeg   . . .     Conserve .     (no shield)
rPois  .         rCorr    .     G - +2 dwarf helmet
rElec  .         rRot     .     K - +1 orc cloak
SustAb . .       Spirit   .     B - +0 pair of gauntlets
rMut   .         Warding  .     A - +2 pair of dwarf boots
Saprov . . .     Stasis   .     (no amulet)
                                (no ring)
                                F - +1 ring of dexterity

@: somewhat resistant to hostile enchantments, fairly stealthy
A: no striking features
a: no special abilities


You were on level 6 of the Dungeon.
You were not hungry.

You visited 1 branch of the dungeon, and saw 6 of its levels.

You collected 346 gold pieces.
You spent 220 gold pieces at shops.

Inventory:

Hand weapons
 a - the +5,+8 dagger "Blum" {drain, rC-}
   (You found it on level 4 of the Dungeon)

   A truly terrible weapon, it drains the life of those it strikes.
   It makes you vulnerable to cold.
 b - a +1,+2 bow of flame (weapon)
 Q - a +0,+0 orcish dagger of draining
Missiles
 g - a poisoned dart
 t - 23 darts
 N - 44 arrows (quivered)
Armour
 f - a +2 elven robe of cold resistance (worn)
 l - a +2 shield
 A - a +2 pair of dwarven boots (worn)
 B - a +0 pair of gauntlets (worn)
 G - a +2 dwarven helmet (worn)
 K - a +1 orcish cloak (worn)
Comestibles
 c - 4 bread rations
 d - 2 apples
 k - 3 meat rations
Scrolls
 e - 4 scrolls of teleportation
 i - 5 scrolls of remove curse
 m - a scroll of random uselessness {unknown}
 o - a scroll of immolation {unknown}
 q - 2 scrolls of curse jewellery {unknown}
 s - 2 scrolls of identify
 v - 3 scrolls of enchant weapon I {unknown}
 w - a scroll of noise {unknown}
 E - a scroll of blinking {unknown}
 H - 3 scrolls of fear
 M - a scroll of curse armour {unknown}
 P - a scroll of enchant armour {unknown}
Jewellery
 F - a +1 ring of dexterity (left hand)
 J - a +2 ring of dexterity
Potions
 h - a potion of lignification
 j - 3 potions of curing
 n - 3 potions of magic
 r - a potion of mutation {unknown}
 x - a potion of cure mutation {unknown}
 z - 2 potions of heal wounds {unknown}
 C - 2 potions of brilliance
 D - a potion of berserk rage {unknown}
 I - a potion of agility {unknown}
Books
 p - a book of Flames

   Spells                             Type                      Level
   *Flame Tongue                      Conjuration/Fire             1
   *Throw Flame                       Conjuration/Fire             2
   *Conjure Flame                     Conjuration/Fire             3
   Inner Flame                        Hexes/Fire                   3
   *Sticky Flame                      Conjuration/Fire             4
   Fireball                           Conjuration/Fire             5
 L - a book of Air

   Spells                             Type                      Level
   Shock                              Conjuration/Air              1
   *Swiftness                         Charms/Air                   2
   Repel Missiles                     Charms/Air                   2
   Flight                             Charms/Air                   3
   Static Discharge                   Conjuration/Air              3
   Lightning Bolt                     Conjuration/Air              5


   Skills:
 - Level 2.4 Dodging
 - Level 2.4 Stealth
 - Level 3.2 Spellcasting
 + Level 5.8 Conjurations
 - Level 8.0 Fire Magic
 - Level 4.4 Air Magic


You had one spell level left.
You knew the following spells:

 Your Spells              Type           Power        Failure   Level  Hunger
a - Flame Tongue          Conj/Fire      #####        1%          1    None
b - Throw Flame           Conj/Fire      #####.       1%          2    #......
c - Conjure Flame         Conj/Fire      #####...     1%          3    ###....
d - Sticky Flame          Conj/Fire      #####...     10%         4    ####...
e - Swiftness             Chrm/Air       ##......     10%         2    #......


Dungeon Overview and Level Annotations

Branches:
Dungeon (6/16)
 Temple: D:4-7

Altars:

Shops:
D:4 ?(%   D:6 %

Annotations:
D:6 Egon's ghost, experienced GrEE


Message History

Press: ? - help, Dir - move target cursor, p - orc warrior The fire roars!
You see here a dagger.
You feel sluggish.
Things that are here:
a giant club; an ogre corpse You start to feel a little faster.
You no longer feel sluggish.
Egon's ghost casts a spell.
The wall shatters!
The blast of rock fragments hits you!
Firing (i - inventory. (,) - cycle):
N - 45 arrows (quivered)
Press: ? - help, Shift-Dir - straight line, f - orc warrior
Aim: an orc warrior, wielding an orcish mace and wearing an orcish chain mail (moderately wounded)
You shoot an arrow of flame.
The arrow of flame misses the orc warrior.
The arrow of flame hits Egon's ghost.
Egon's ghost appears unharmed.
Egon's ghost is moderately damaged.
Egon's ghost gestures wildly while chanting.
The wall shatters!
The blast of rock fragments hits you!
You die...

#......)....##..p.......# #...
#.......##..##..........# #...
##.#.#####..##..........### #...
##.#.# #..##.#o####.#...# ####
##.#.#####..##.#.####.#...# #
##........................# ####
............##.#.####.#.### #...
####....(.#.##.#.# #.#.# #[..
..........#.##.#@####.#.######...
####......#.##...................
####.........<...................
..##......#.##...................
..##......#.##...................
..##.######.##>..................
..##.# #.##...................
..##.######.##................###
.................................


You could see an orc warrior and Egon's ghost.

Vanquished Creatures
  A phantom (D:6)
  2 centaurs
  3 ogres
  2 crimson imps (D:5)
  A jelly (D:6)
  3 orc wizards
  4 worker ants
  2 iguanas (D:5)
  3 scorpions
  3 hounds
  Ijyb (D:3)
  Jessica (D:3)
  6 adders
  6 gnolls (D:3)
  2 inept feature mimics (D:5)
  A worm (D:5)
  A giant eyeball (D:4)
  2 giant geckos (D:1)
  4 oozes
  11 orcs
  A ball python (D:2)
  A bat skeleton (D:5)
  A bat zombie (D:6)
  2 giant cockroaches
  12 goblins
  14 hobgoblins
  14 jackals
  11 kobolds
  A quokka (D:3)
  11 bats
  11 giant newts
  A hobgoblin zombie (D:5)
  13 rats
  A rat skeleton (D:5)
153 creatures vanquished.

Notes
Turn   | Place    | Note
--------------------------------------------------------------
     0 | D:1      | Jenx, the Deep Elf Fire Elementalist, began the quest for the Orb.
     0 | D:1      | Reached XP level 1. HP: 10/10 MP: 4/4
   219 | D:1      | Reached skill level 4 in Fire Magic
   219 | D:1      | Reached XP level 2. HP: 15/15 MP: 3/6
   233 | D:1      | Learned a level 2 spell: Throw Flame
   689 | D:2      | Reached XP level 3. HP: 19/19 MP: 0/9
  1434 | D:3      | Reached XP level 4. HP: 24/24 MP: 9/11
  1445 | D:3      | Learned a level 3 spell: Conjure Flame
  2080 | D:3      | Noticed Jessica
  2100 | D:3      | Killed Jessica
  2100 | D:3      | Reached XP level 5. HP: 28/28 MP: 4/16
  2182 | D:3      | Learned a level 4 spell: Sticky Flame
  2282 | D:3      | Noticed Ijyb
  2307 | D:3      | Killed Ijyb
  2307 | D:3      | Reached skill level 5 in Fire Magic
  2753 | D:4      | Noticed an ogre
  2758 | D:4      | Killed an ogre
  2758 | D:4      | Reached skill level 6 in Fire Magic
  2758 | D:4      | Reached XP level 6. HP: 32/32 MP: 11/18
  3156 | D:4      | Got a warped dagger
  3180 | D:4      | Identified the +5,+8 dagger "Blum" {drain, rC-} (You found it on level 4 of the Dungeon)
  3219 | D:4      | Paralysed by a giant eyeball for 4 turns
  3267 | D:4      | Found Mumannan's Magic Scroll Shoppe.
  3392 | D:4      | Bought a scroll of identify for 26 gold pieces
  3392 | D:4      | Bought a scroll of identify for 26 gold pieces
  3392 | D:4      | Bought a scroll of teleportation for 39 gold pieces
  3392 | D:4      | Bought a scroll of fear for 45 gold pieces
  3392 | D:4      | Bought a scroll of remove curse for 39 gold pieces
  3392 | D:4      | Bought a scroll of fear for 45 gold pieces
  3483 | D:4      | Found Qoes' Weapon Shop.
  3496 | D:4      | Reached skill level 7 in Fire Magic
  3565 | D:4      | Found Oskixtia's Food Emporium.
  3846 | D:5      | Entered Level 5 of the Dungeon
  3888 | D:5      | Reached XP level 7. HP: 24/36 MP: 13/20
  4163 | D:5      | Reached skill level 8 in Fire Magic
  4342 | D:5      | Learned a level 2 spell: Swiftness
  4427 | D:5      | Reached skill level 1 in Air Magic
  5117 | D:6      | Found Baybuovy's Food Boutique.
  5224 | D:6      | Reached XP level 8. HP: 41/41 MP: 15/21
  5573 | D:6      | Reached skill level 5 in Conjurations
  5694 | D:6      | Noticed Egon's ghost (experienced GrEE)
  5736 | D:6      | Killed from afar by Egon's ghost

Action                   |  1- 3 |  4- 6 |  7- 9 || total
-------------------------+-------+-------+-------++-------
Melee: Unarmed           |     5 |       |       ||     5
       Hand axe          |    44 |    23 |       ||    67
       Whip              |       |    45 |       ||    45
       Dagger            |       |     1 |    79 ||    80
 Fire: Sling             |       |     4 |       ||     4
       Bow               |       |       |     6 ||     6
Throw: Dart              |       |     5 |       ||     5
 Cast: Flame Tongue      |    44 |   115 |    59 ||   218
       Throw Flame       |     1 |     9 |    10 ||    20
       Conjure Flame     |       |     4 |     1 ||     5
       Swiftness         |       |       |     2 ||     2
       Sticky Flame      |       |       |     1 ||     1
  Use: Scroll            |       |     6 |     1 ||     7
       Potion            |       |     1 |     1 ||     2
 Stab: Sleeping          |     1 |     1 |       ||     2
       Distracted        |     1 |       |       ||     1
